cohdb
Replays
Latest Replays
All Replays
Popular Replays
Top Player Replays
Match Explorer
How It Works
Community
CoH3 Stats
Reddit
Sign in to upload your games and track your stats! →
Sign in with Steam
Match 41296913
Unlisted
Match 41296913
Overview
Messages
Build Orders
End
Construct Barracks
Riflemen Squad
Riflemen Squad
1⁄4-ton 4x4 Truck
Riflemen Squad
Riflemen Squad
Infantry Support Center
Construct Medical Station
Construct Medical Station
Construct Motor Pool
M1 Anti-tank Gun Team
M24 Chaffee Light Tank
Engineer Squad
M1918 Browning Automatic Rifles
Grenade Package
M24 Chaffee Light Tank
M1 Anti-tank Gun Team
M24 Chaffee Light Tank
Selects Armored Battlegroup
Selects Veteran Crews
M1 Anti-tank Gun Team
M24 Chaffee Light Tank
Scout Squad
M8 Greyhound Armored Car
wallap
deadsadbadmad
0
0
Comments
sign in to comment!
No comments posted yet!